AoeStats
← lbaquino21

Hideout

508991354Analyzed
1v1 RM · 6d ago on Sep 25, 2026· 39m 48s· 2 players
Game mode
Random Map
Map size
Tiny (2 player)
Population
200
Speed
Normal
Resources
Standard
Victory
Conquest
Starting age
Dark Age
Ending age
Imperial Age
RankedLock teamsTeams togetherTeam positionsShared explorationLock speedFull tech treeHidden civsTurbo modeCheats
Victory
Defeat
🇦🇷 Varangians · Argentina
753
+19
🇧🇷 Varangians · Brazil
815
-51
infolucianodelgado
9:22 Feudal Age
17:19 Castle Age
16:13 Double-Bit Axe
18:44 Husbandry
19:02 Horse Collar
19:35 Bow Saw
21:22 Heavy Plow
24:10 Bloodlines
30:01 Wheelbarrow
29:39 Forging
29:37 Scale Barding Armor
31:45 Iron Casting
34:42 Imperial Age
33:34 Hand Cart
34:31 Chain Barding Armor
34:08 Gold Mining
35:38 Elite Jarl
38:32 Blast Furnace
38:08 Plate Barding Armor
37:32 Cavalier
39:15 Crop Rotation
38:39 Fletching
39:53 Two-Man Saw
38:48 Stone Mining
38:25 Vendel Legacy
lbaquino21
7:37 Loom
10:18 Feudal Age
11:14 Double-Bit Axe
11:11 Horse Collar
12:22 Wheelbarrow
14:22 Gold Mining
21:37 Castle Age
24:55 Stone Mining
25:23 Bow Saw
25:42 Scale Barding Armor
25:40 Scale Mail Armor
25:51 Forging
25:32 Fletching
25:42 Padded Archer Armor
Connection lost

Rejoining the realm…

Still unreachable

The connection could not be restored.

Session expired

The server has moved on; the page needs a fresh start.